 Dungeon Sprint DCSS version 0.29.1-1-gd02db6906a (webtiles) character file.

Game seed: 8583920892308510891

3700000 Groucho the Intangible (level 17, -6/118 HPs)
             Began as a Spriggan Abyssal Knight on Oct 2, 2022.
             Was a High Priest of Makhleb.
             Mangled by a large bag of meat
             ... wielding a +9 giant spiked club
              (124 damage)
             ... in the Dungeon (Sprint VIII: "Arena of Blood").
             The game lasted 00:02:06 (37 turns).

Groucho the Intangible (Spriggan Abyssal Knight)      Turns: 37, Time: 00:02:07

Health: -6/118     AC:  3    Str:  9    XL:     17   Next: 33%
Magic:  17/32      EV: 45    Int: 13    God:    Makhleb [*****.]
Gold:   0          SH:  0    Dex: 22    Spells: 16/16 levels left

rFire   . . .      SeeInvis +   i - +∞ Axe of Woe
rCold   . . .      Faith    .   (shield currently unavailable)
rNeg    . . .      Spirit   .   b - +0 robe
rPois   .          Reflect  .   (helmet restricted)
rElec   .          Harm     .   (no cloak)
rCorr   .          Rampage  .   (gloves unavailable)
Will    ++...      NoTele   +   (boots unavailable)
Stlth   ++........              (no amulet)
HPRegen 0.29/turn               (no ring)
MPRegen 0.23/turn               (no ring)

@: very quick
A: very small, no large weapons, unfitting armour, see invisible, speed 3
a: Renounce Religion, Minor Destruction, Lesser Servant of Makhleb, Major
Destruction, Greater Servant of Makhleb


You were in the Dungeon.
You worshipped Makhleb.
Makhleb was extremely pleased with you.
You visited 1 branch

Inventory:

Hand Weapons
 a - a +1 short sword
 i - the +∞ Axe of Woe (weapon)
   (You found it in the Dungeon)
Armour
 b - a +0 robe (worn)
Jewellery
 j - a +30 ring of slaying
Scrolls
 h - a scroll of blinking
Potions
 c - a potion of curing
 d - a potion of heal wounds
 e - a potion of haste
 f - 2 potions of magic
 g - a potion of berserk rage


   Skills:
 * Level 25.3 Fighting
 - Level 2.1 Short Blades
 O Level 27 Axes
 + Level 17.1 Armour
 O Level 27 Dodging
 + Level 21.7 Invocations


You had 16 spell levels left.
You didn't know any spells.
Your spell library was empty.

Dungeon Overview and Level Annotations

Branches:
Dungeon (1/1)

Altars:
Makhleb


Innate Abilities, Weirdness & Mutations

You are very small and have problems with some larger weapons.
You are too small for most types of armour.
You have supernaturally acute eyesight. (SInv)
You cover ground extremely quickly. (Speed+++)


Message History

You kill the meat berserker!
Makhleb accepts your kill.
You hear a shout!
The meat berserker rages.
You hear a shout!
A bag of meat comes into view. It is wielding a +9 war axe.
You hear a shout! x7
A large bag of meat comes into view. It is wielding a +9 giant spiked club.
You hear a shout! x2; You hear two shouts!
Your Fighting skill increases to level 24!
Your Armour skill increases to level 16!
Your Invocations skill increases to level 21!
You have reached level 17!
Unknown command.
You slash the bag of meat!
You fatally mangle the bag of meat.
You kill the bag of meat!
Makhleb accepts your kill.
You hear a shout! x4
Your Fighting skill increases to level 25!
Your Armour skill increases to level 17!
Unknown command.
Unknown command.
Unknown command.
Unknown command.
You remove your +30 ring of slaying.
You hear a shout! x5
Unknown command.
Unknown command. 2 bags of meat come into view.
The bag of meat shouts! x2; You hear a shout! x3
The destroyer points at you and mumbles some strange words.
The destroyer blinks!
You hear a shout! x2
Items here: ))) === †††.
You hear a shout!
A destroyer comes into view. It is wielding a +9 vorpal great sword.
You hear a shout! x3
The large bag of meat hits you with a +9 giant spiked club!!!!
Ouch! That really hurt!
You die...

... ..... #..
...# . #.. ...#
. ..###..
...###..
......###......
......_......
#Vo)))# #_)@)_#
#.O)))#
......._O.O...VV
.....§###.......
..###.. .Vo###..
. #.. ...# . #..
..o# ..V ...Oo
.. ....


You could see 2 destroyers, 3 large bags of meat, a meat berserker (berserk) and
4 bags of meat.

Vanquished Creatures
  A vampire knight (D)
  6 ogres (D)
  10 orcs (D)
17 creatures vanquished.

Notes
Turn   | Place    | Note
-------+----------+-------------------------------------------
     0 | D        | Found the +∞ Axe of Woe
     0 | D        | Groucho the Spriggan Abyssal Knight began the quest for the
                  | Orb.
     0 | D        | Reached XP level 1. HP: 11/11 MP: 3/3
     1 | D        | Noticed a bag of meat
     2 | D        | Noticed a bag of meat
     2 | D        | Noticed a bag of meat
     2 | D        | Noticed a bag of meat
     4 | D        | Fell from the grace of Lugonu
     4 | D        | Became a worshipper of Makhleb the Destroyer
     4 | D        | Noticed a bag of meat
     5 | D        | Noticed a bag of meat
    10 | D        | Killed a bag of meat
    10 | D        | Noticed a meat berserker
    11 | D        | Reached skill level 15 in Axes
    11 | D        | Reached XP level 2. HP: 16/16 MP: 4/4
    11 | D        | Reached XP level 3. HP: 19/19 MP: 5/5
    11 | D        | Reached XP level 4. HP: 23/23 MP: 6/6
    11 | D        | Reached XP level 5. HP: 27/27 MP: 7/7
    11 | D        | Reached XP level 6. HP: 32/32 MP: 8/8
    11 | D        | Reached XP level 7. HP: 35/35 MP: 9/9
    11 | D        | Reached XP level 8. HP: 39/39 MP: 10/10
    11 | D        | Reached XP level 9. HP: 43/43 MP: 11/11
    11 | D        | Reached XP level 10. HP: 47/47 MP: 12/12
    11 | D        | Killed a bag of meat
    11 | D        | Reached * piety under Makhleb
    11 | D        | Killed a bag of meat
    12 | D        | Reached skill level 27 in Dodging
    12 | D        | Reached XP level 11. HP: 51/51 MP: 13/13
    12 | D        | Reached XP level 12. HP: 56/56 MP: 14/14
    12 | D        | Killed a bag of meat
    12 | D        | Killed a bag of meat
    12 | D        | Reached ** piety under Makhleb
    13 | D        | Reached XP level 13. HP: 59/59 MP: 15/15
    14 | D        | Killed a bag of meat
    17 | D        | Noticed a meat berserker
    18 | D        | Killed a meat berserker
    18 | D        | Noticed a destroyer
    18 | D        | Noticed a meat berserker
    19 | D        | Reached skill level 27 in Axes
    19 | D        | Reached skill level 5 in Invocations
    19 | D        | Reached XP level 14. HP: 70/70 MP: 15/19
    19 | D        | Noticed a meat berserker
    19 | D        | Noticed a bag of meat
    19 | D        | Noticed a meat berserker
    20 | D        | Killed a destroyer
    20 | D        | Reached *** piety under Makhleb
    21 | D        | Reached skill level 10 in Invocations
    21 | D        | Reached XP level 15. HP: 85/85 MP: 15/24
    21 | D        | Killed a meat berserker
    22 | D        | Reached skill level 15 in Fighting
    22 | D        | Reached skill level 10 in Armour
    22 | D        | Killed a meat berserker
    23 | D        | Killed a meat berserker
    23 | D        | Reached **** piety under Makhleb
    24 | D        | Reached XP level 16. HP: 102/102 MP: 15/29
    24 | D        | Noticed a large bag of meat
    26 | D        | Noticed a large bag of meat
    27 | D        | Killed a meat berserker
    28 | D        | Noticed a meat berserker
    28 | D        | Noticed a destroyer
    29 | D        | Reached skill level 15 in Armour
    29 | D        | Noticed a destroyer
    30 | D        | Noticed a large bag of meat
    31 | D        | Noticed a meat berserker
    31 | D        | Reached ***** piety under Makhleb
    33 | D        | Killed a meat berserker
    33 | D        | Noticed a large bag of meat
    34 | D        | Reached XP level 17. HP: 116/116 MP: 17/32
    37 | D        | Noticed a destroyer
    37 | D        | Mangled by a large bag of meat

Illustrated notes

Levels and vault maps discovered:
D:        meatsprint

Skill      XL: |  1  2  3  4  5  6  7  8  9 10 11 12 13 14 15 16 17 |
---------------+----------------------------------------------------+-----
Axes           | 15 20 24 27 | 27.0
Dodging        | 23 27 | 27.0
Fighting       | 6 12 19 24 25 | 25.3
Armour         | 3 8 12 16 17 | 17.1
Invocations    | 5 10 16 21 | 21.7
Short Blades   | |  2.1

Action                   |  1- 3 |  4- 6 |  7- 9 | 10-12 | 13-15 | 16-18 || total
-------------------------+-------+-------+-------+-------+-------+-------++-------
Melee: Broad axe         |     1 |       |       |     2 |     6 |     6 ||    15
Dodge: Dodged            |       |       |       |       |       |     1 ||     1
